 Dungeon Crawl Stone Soup version 0.31-a0-408-gb642c7f9a3 (webtiles) character file.

Game seed: 8754428895121170208

76 Ofeo the Charlatan (level 4, 0/23 (24) HPs)
             Began as a Kobold Wanderer on July 30, 2023.
             Slain by a gnoll
             ... wielding the +10 rapier "Jicah" {drain, Contam rF++ Will++}
              (16 damage)
             ... on level 2 of the Dungeon.
             The game lasted 00:04:36 (3063 turns).

Ofeo the Charlatan (Kobold Wanderer)                Turns: 3063, Time: 00:04:37

HP:   0/23 (24)     AC:  3    Str:  7    XL:     4   Next: 57%
MP:   7/7           EV: 13    Int: 13    God:
Gold: 76            SH:  0    Dex: 18    Spells: 7/7 levels left

rFire   . . .        a - +2 hand axe
rCold   . . .        (no shield)
rNeg    . . .        d - +0 robe
rPois   .            (no helmet)
rElec   .            l - +0 cloak
rCorr   .            (no gloves)
SInv    .            (no boots)
Will    .....        (no amulet)
Stlth   +++          (no ring)
HPRegen 0.23/turn    (no ring)
MPRegen 0.10/turn

%: no passive effects
@: lightly drained
A: small, no large weapons, nightstalker 3
a: no special abilities


You were on level 2 of the Dungeon.
You visited 1 branch of the dungeon, and saw 2 of its levels.

You collected 76 gold pieces.

Inventory:

Hand Weapons
 a - a +2 hand axe (weapon)
Armour
 d - a +0 robe (worn)
 l - a +0 cloak (worn)
Jewellery
 e - a ring of flight
Talismans
 f - a storm talisman
Wands
 b - a wand of polymorph (2)
Scrolls
 c - 2 scrolls of teleportation {@r3}
 i - a scroll of identify {@r1}
Potions
 h - a potion of heal wounds {@q2}
 j - a potion of magic
 k - a potion of attraction {unknown}
 q - a potion of curing {@q1}


   Skills:
 - Level 2.4 Axes
 + Level 2.0 Throwing
 + Level 1.6 Armour
 + Level 2.0 Spellcasting
 + Level 1.9 Poison Magic
 + Level 4.2 Evocations


You had 7 spell levels left.
You didn't know any spells.
Your spell library contained the following spells:

 Spells                   Type           Power      Damage    Failure   Level
 Poisonous Vapours        Pois/Air       6%         N/A       26%         2
 Cigotuvi's Dreadful Rot  Necr/Pois/Air  6%         N/A       28%         2


Dungeon Overview and Level Annotations

Branches:
Dungeon (2/15)

Altars:

Shops:
D:1 (**(=


Innate Abilities, Weirdness & Mutations

You are small and have problems with some larger weapons.
You are completely attuned to the shadows.


Message History

The gnoll is lightly wounded.
The gnoll closely misses you.
You slash the gnoll!
The gnoll is severely wounded.
The gnoll closely misses you.
You slash the gnoll!
You kill the gnoll!
No target in view!
g - a poisoned dart
Things that are here:
a +0 spear; a gnoll corpse
g - 2 poisoned darts (gained 1)
You see here a rat skeleton.
You see here a hobgoblin skeleton.
You see here a +0 club.
You see here a +0 cloak.
l - a +0 cloak You start putting on your armour.
You continue putting on your +0 cloak. x4
You finish putting on your +0 cloak.
You see here a +0 whip.
A gnoll is nearby!
A gnoll is nearby!
A gnoll is nearby!
A gnoll is nearby!
You throw a poisoned dart. The poisoned dart hits the gnoll.
The gnoll is poisoned.
The gnoll shouts!
You throw a poisoned dart. The poisoned dart hits the gnoll.
The gnoll looks even sicker.
The gnoll closely misses you.
The endoplasm quivers.
You hit the gnoll.
The gnoll is moderately wounded.
The gnoll hits you with the +10 rapier "Jicah" {drain, Contam rF++ Will++}!
You feel drained.
You take 9 damage, and have 15/23 hp.
MASSIVE DAMAGE!!
You hit the gnoll.
The gnoll is severely wounded.
The gnoll hits you with the +10 rapier "Jicah" {drain, Contam rF++ Will++}!
Ouch! That really hurt!
You die...

# # # # #### #. #... #.###
##.## ...J#Jg.# #....
......##@# #..## .......#.#
###..## #.........#.#
#.....# #.........#.#
#.#...# ........##.# ###
#.#...#
#.#.....###.###.######.#....
##.
#.##.................#.##.##
...
#.###.#.###.###.####.#.##...
### #.# #.#.###.# ###
#.#.#####


You could see a gnoll (very poisoned) and an endoplasm.

Vanquished Creatures
  An adder (D:2)
  3 gnolls (D:2)
  A worm (D:2)
  A dart slug (D:1)
  3 ball pythons (D:1)
  5 bats
  An endoplasm (D:1)
  2 giant cockroaches (D:1)
  A goblin (D:1)
  2 hobgoblins
  5 jackals (D:1)
  A quokka (D:1)
  2 kobolds (D:1)
  4 rats
32 creatures vanquished.

Notes
Turn   | Place    | Note
-------+----------+-------------------------------------------
     0 | D:1      | Ofeo the Kobold Wanderer began the quest for the Orb.
     0 | D:1      | Ofeo set off with the following items: a +2 hand axe, a
                  | wand of polymorph (3), a scroll of teleportation {@r3}, a
                  | +0 robe; and the following spells available to memorise:
                  | Poisonous Vapours, Cigotuvi's Dreadful Rot.
     0 | D:1      | Reached XP level 1. HP: 10/10 MP: 2/2
     4 | D:1      | Found Kethap's Antique Weapon Boutique.
    65 | D:1      | Found Wikeonog's Assorted Antiques.
   135 | D:1      | Reached XP level 2. HP: 7/15 MP: 3/3
   362 | D:1      | Found Haxoddeh's Weapon Shoppe.
   611 | D:1      | Found Qoits's General Store.
   753 | D:1      | Found Zigadof's Jewellery Emporium.
  1058 | D:1      | Reached XP level 3. HP: 15/19 MP: 5/5
  1516 | D:1      | Reached skill level 4 in Evocations
  2720 | D:2      | Identified the +10 rapier "Jicah" {drain, Contam rF++
                  | Will++}
  2753 | D:2      | Reached XP level 4. HP: 20/24 MP: 6/6
  3063 | D:2      | Slain by a gnoll

Illustrated notes

Levels and vault maps discovered:
D:1:      roderic_crossed_star, layout_loops_cross, serial_co_window_serial,
          co_window_corner_a, co_window_corner_a, co_window_paths_a,
          co_window_of_opportunity_a, co_window_corner_a, co_window_corner_a,
          co_window_of_opportunity_b, co_window_unsneaky_path_d,
          co_window_2corner, co_window_of_opportunity_c, co_window_4corner_a,
          glass_columns_a, glass_columns_b, glass_columns_b, glass_columns_a,
          glass_columns_a, serial_shops, nicolae_shop_peninsula,
          nicolae_shop_stone, shop, shop_statue, shop, minmay_liquid_box
D:2:      layout_loops_ring, uniq_natasha

Skill      XL: |  1  2  3  4 |
---------------+-------------+-----
Evocations     | 4 |  4.2
Throwing       | 2 |  2.0
Spellcasting   | 2 |  2.0
Axes           | |  2.4
Armour         | |  1.6
Poison Magic   | |  1.9

Action                     |  1- 3 |  4- 6 || total
---------------------------+-------+-------++-------
  Melee: Hand axe          |    94 |     9 ||   103
  Throw: Dart              |     1 |     6 ||     7
Ability: Begin Untransform |     1 |       ||     1
  Evoke: Wand              |     1 |       ||     1
    Use: Scroll            |     5 |       ||     5
         Potion            |     2 |       ||     2
   Stab: Sleeping          |     8 |       ||     8
 Armour: Robe              |    23 |       ||    23
  Dodge: Dodged            |    67 |    11 ||    78
   Form: Storm             |     1 |       ||     1

Table legend: (Time is in decaauts)
 A = Elapsed time spent in this place.
 B = Non-inter-level travel time spent in this place.
 C = Inter-level travel time spent in this place.
 D = Time resting spent in this place.
 E = Time spent auto-exploring this place.
 F = Levels seen in this place.
 G = Mean time per level.
                   A        B        C        D        E       F      G
               +--------+--------+--------+--------+--------+-----+--------+
         Total |   3082 |   3010 |     72 |    598 |   1927 |   2 | 1541.0 |
       Dungeon |   3082 |   3010 |     72 |    598 |   1927 |   2 | 1541.0 |
               +--------+--------+--------+--------+--------+-----+--------+

Top non-repeatable levels by time:
     D:1: 1982 daAuts
     D:2: 1099 daAuts
